 Dungeon Crawl Stone Soup version 0.18.1-1-g2f07953 (webtiles) character file.

84 Steelers13 the Skirmisher (level 4, 0/37 HPs)
             Began as a Merfolk Berserker on June 14, 2016.
             Was a Follower of Trog.
             Slain by an iron imp (3 damage)
             ... summoned by Natasha
             ... on level 2 of the Dungeon.
             The game lasted 00:14:20 (2504 turns).

Steelers13 the Skirmisher (Merfolk Berserker)       Turns: 2504, Time: 00:14:21

Health: 0/37       AC:  7    Str: 18    XL:     4   Next: 46%
Magic:  13/13      EV: 12    Int:  6    God:    Trog [*.....]
Gold:   132        SH:  0    Dex: 13    Spells: 0 memorised, 3 levels left

rFire  . . .     SeeInvis .     a - +0 falchion
rCold  . . .     Gourm    .     l - +1 ring mail {rPois}
rNeg   . . .     Faith    .     (no shield)
rPois  +         Spirit   .     (no helmet)
rElec  .         Dismiss  .     (no cloak)
rCorr  .         Reflect  .     o - +0 pair of gloves
SustAt .         Harm     .     (no boots)
MR     .....                    (no amulet)
Stlth  +.........               e - ring of magical power
                                f - ring of poison resistance

@: exhausted, slowed, very slow, not resistant to hostile enchantments, very
unstealthy
A: change form in water, swift swim
a: Berserk, Burn Spellbooks, Renounce Religion


You were on level 2 of the Dungeon.
You worshipped Trog.
Trog was aware of your devotion.
You were hungry.

You visited 1 branch of the dungeon, and saw 2 of its levels.

You collected 132 gold pieces.

Inventory:

Hand Weapons
 a - a +0 falchion (weapon)
 k - a +0 spear
 v - a +0 quarterstaff (quivered)
Missiles
 n - 22 poisoned needles
 s - 33 bolts
Armour
 l - a +1 ring mail of poison resistance (worn)
 o - a +0 pair of gloves (worn)
Jewellery
 e - a ring of magical power (right hand)
 f - a ring of poison resistance (left hand)
Scrolls
 b - 2 scrolls of remove curse {unknown}
 g - 2 scrolls of identify {unknown}
 q - a scroll of enchant armour {unknown}
 r - a scroll of noise {unknown}
 x - a scroll of teleportation {unknown}
Potions
 d - 2 potions of cancellation {unknown}
 i - 2 potions of flight {unknown}
 j - 2 potions of haste {unknown}
 p - a potion of lignification {unknown}
 t - a potion of agility {unknown}
 u - a potion of berserk rage {unknown}
Comestibles
 c - 2 bread rations
 h - a meat ration
 m - a slice of pizza
 w - 3 chunks of flesh


   Skills:
 + Level 4.0 Fighting
 + Level 3.8 Long Blades
 + Level 2.1 Armour
 + Level 3.6 Dodging
 + Level 0.8 Stealth


You had 3 spell levels left.
You didn't know any spells.

Dungeon Overview and Level Annotations

Branches:
Dungeon (2/15)

Altars:

Annotations:
D:2 Natasha


Message History

The crimson imp blinks!
The iron imp closely misses you. Natasha barely misses you.
The iron imp hits you. Natasha casts a spell at you.
You resist with some effort.
You barely miss Natasha.
The crimson imp lashes its tail.
Natasha barely misses you. The iron imp hits you!
The crimson imp blinks!
Natasha claws you.
The iron imp hits you but does no damage.
Natasha stares at you and mumbles some strange words.
You resist with some effort.
You hit the iron imp but do no damage.
The crimson imp disappears in a puff of smoke!
The iron imp hits you.
* * * LOW HITPOINT WARNING * * *
Natasha claws you.
* * * LOW HITPOINT WARNING * * *
The iron imp laughs crazily.
The iron imp hits you.
You die...

... ... ... ?.. ... ...
## ... #.##.#. .. #.#
#.#..#. . #.# #.#.##. #.
#ยง##### #.#.##.
#.###.#...####......
#.###<..h............###
#......@55#...######.###
############### #.##.
#.##. #.##. #.... #####.
#..... #.###. #...


You could see an iron imp, Natasha and a crimson imp.

Vanquished Creatures
  Natasha (twice) (D:2)
  An adder (D:2)
  2 dart slugs
  3 bats (D:1)
  2 giant cockroaches (D:1)
  A goblin (D:1)
  6 hobgoblins
  3 kobolds (D:1)
  4 rats
24 creatures vanquished.

Notes
Turn   | Place    | Note
--------------------------------------------------------------
     0 | D:1      | Steelers13 the Merfolk Berserker began the quest for the Orb.
     0 | D:1      | Reached XP level 1. HP: 18/18 MP: 1/1
   630 | D:1      | Reached XP level 2. HP: 19/24 MP: 2/2
  1381 | D:2      | Noticed Natasha
  1396 | D:2      | Killed Natasha
  1396 | D:2      | Reached XP level 3. HP: 9/30 MP: 3/3
  1931 | D:2      | Noticed Natasha
  1946 | D:2      | Killed Natasha
  1946 | D:2      | Reached ** piety under Trog
  1946 | D:2      | Reached skill level 4 in Fighting
  1946 | D:2      | Reached XP level 4. HP: 26/37 MP: 4/4
  2491 | D:2      | Noticed Natasha
  2504 | D:2      | Slain by an iron imp

Skill      XL: |  1  2  3 |
---------------+----------+-----
Dodging        | 3 |  3.6
Fighting       | 4 |  4.0
Armour         | 2 |  2.1
Long Blades    | |  3.8
Stealth        | |  0.8

Action                   |  1- 3 |  4- 6 || total
-------------------------+-------+-------++-------
Melee: Falchion          |    70 |    21 ||    91
Invok: Berserk           |     1 |     1 ||     2
  Eat: Chunk             |     3 |     3 ||     6
Armor: Animal skin       |    12 |       ||    12
       Ring mail         |    40 |    10 ||    50
Dodge: Dodged            |   103 |    29 ||   132
